 Dungeon Crawl Stone Soup version 0.27.1-33-g824d729ab1 (webtiles) character file.

Game seed: 7811346254745380978

24 MisterFreud the Firebug (level 3, -10/21 HPs)
             Began as an Octopode Fire Elementalist on Dec 19, 2021.
             Killed from afar by a white imp (12 damage)
             ... with a puff of frost
             ... summoned by Natasha
             ... on level 2 of the Dungeon.
             The game lasted 00:02:18 (1638 turns).

MisterFreud the Firebug (OpFE)                      Turns: 1638, Time: 00:02:19

Health: -10/21     AC:  1    Str:  7    XL:     3   Next: 2%
Magic:  4/6        EV: 13    Int: 18    God:
Gold:   55         SH:  0    Dex: 12    Spells: 5/6 levels left

rFire    . . .     SeeInvis .   d - +0 short sword
rCold    . . .     Faith    .   (no shield)
rNeg     . . .     Spirit   .   (helmet restricted)
rPois    .         Reflect  .   (no amulet)
rElec    .         Harm     .   g - ring of flight
rCorr    .         Rampage  .   (no ring)
Will     .....                  (no ring)
Stlth    +++.......             (no ring)
HPRegen  0.07/turn              (no ring)
MPRegen  0.10/turn              (no ring)
                                (no ring)
                                (no ring)

@: flying
A: almost no armour, amphibious, 8 rings, camouflage 1, gelatinous body 1,
(nimble swimmer 1), tentacles
a: no special abilities


You were on level 2 of the Dungeon.
You visited 1 branch of the dungeon, and saw 2 of its levels.

You collected 55 gold pieces.

Inventory:

Hand Weapons
 d - a +0 short sword (weapon)
Jewellery
 g - a ring of flight (left tentacle)
Scrolls
 a - 2 scrolls of identify {unknown}
 b - a scroll of silence {unknown}
 c - a scroll of teleportation {unknown}
Potions
 f - a potion of degeneration {unknown}


   Skills:
 - Level 2.0 Dodging
 - Level 2.6 Stealth
 - Level 2.0 Spellcasting
 + Level 2.8 Conjurations
 - Level 3.0 Fire Magic


You had 5 spell levels left.
You knew the following spells:

 Your Spells              Type           Power      Damage    Failure   Level
a - Foxfire               Conj/Fire      48%        2x1d6     5%          1

Your spell library contained the following spells:

 Spells                   Type           Power      Damage    Failure   Level
 Conjure Flame            Conj/Fire      12%        6-21      16%         3
 Inner Flame              Hex/Fire       7%         N/A       28%         3
 Sticky Flame             Conj/Fire      12%        2d4       47%         4
 Fireball                 Conj/Fire      6%         3d5       83%         5


Dungeon Overview and Level Annotations

Branches:
Dungeon (2/15)

Altars:

Shops:
D:1 :

Annotations:
D:2 Natasha


Innate Abilities, Weirdness & Mutations

You cannot wear most types of armour.
You are amphibious.
You can wear up to eight rings at the same time.
Your skin changes colour to match your surroundings (Stealth+).
Your rubbery body absorbs attacks. (AC +1, EV +1)
((You are camouflaged near water. (Stealth+)))
You have tentacles for arms and can constrict up to eight enemies at once.


Message History

g - a ring of flight (left tentacle) Natasha, Servant of Life and Death comes into view.
Natasha is nearby!
Natasha is nearby!
Natasha hisses angrily.
Natasha wildly gestures.
You feel disoriented.
Natasha mumbles some strange words.
Natasha glows brightly for a moment.
You see here a +0 dagger.
Natasha casts a spell at you. The magic dart hits you.
Casting: Foxfire (safe; 5% risk of failure)
Confirm with . or Enter, or press ? or * to list all spells.
You conjure some foxfire!
Natasha mumbles some strange words.
The foxfire hits the white imp.
The white imp is burned terribly!
The white imp is moderately wounded.
The foxfire hits Natasha.
Natasha is moderately wounded.
Natasha casts a spell at you.
You feel yourself slow down. The white imp gestures at you.
The puff of frost hits you!
Casting: Foxfire (safe; 5% risk of failure)
Confirm with . or Enter, or press ? or * to list all spells.
You conjure some foxfire!
Your foxfire dissipates!
The foxfire hits Natasha.
Natasha is moderately wounded.
Natasha claws you!
* * * LOW HITPOINT WARNING * * *
It was a potion of cancellation.
Your magical effects are unravelling.
You feel magically purged.
You feel yourself speed up. The white imp gestures at you.
The puff of frost hits you!
Ouch! That really hurt!
You die...

#.# #.#.# #.# #.#.#####
######.####.#.# ..
###.............##.##
#...........#...#...######
#..#..8..#..##..#.#......)
#..##[..##..##..#.<.......
#..#######.....5..†.######
#..##...##..#.@h..).#####
#..#..8..#....§#..#.....#
#...........#.......###.#
###.##..#.###...###.# #.#
#.............# #.# #h#
#####.....#.#.# #.# #.#
#........#.# #.# #.#
#........#.# #.# #.#
#.#...#..#.# #.# #.#


You could see Natasha and a white imp (summoned).

Vanquished Creatures
  A ball python (D:1)
  An endoplasm (D:1)
  A giant cockroach (D:1)
  6 hobgoblins (D:1)
  4 jackals (D:1)
  3 bats
  A frilled lizard (D:2)
  3 kobolds (D:1)
  A rat (D:1)
21 creatures vanquished.

Vanquished Creatures (others)
  55 foxfires
55 creatures vanquished.

Grand Total: 76 creatures vanquished

Notes
Turn   | Place    | Note
-------+----------+-------------------------------------------
     0 | D:1      | MisterFreud the Octopode Fire Elementalist began the quest
                  | for the Orb.
     0 | D:1      | Reached XP level 1. HP: 11/11 MP: 3/3
   320 | D:1      | Found Cosegamo's Book Shoppe.
   544 | D:1      | Reached XP level 2. HP: 17/17 MP: 3/5
  1526 | D:2      | Reached XP level 3. HP: 21/21 MP: 4/6
  1615 | D:2      | Noticed Natasha
  1638 | D:2      | Killed from afar by a white imp

Illustrated notes

Levels and vault maps discovered:
D:1:      tarquinn_simple_flora_water_e, layout_basic, serial_shops,
          nicolae_shop_stone, minivault_26
D:2:      layout_loops_ring, serial_shops, shop, mrwooster_statue_mirror,
          uniq_crazy_yiuf_cottage, uniq_natasha, uniq_sigmund

Skill      XL: |  1 |
---------------+----+-----
Conjurations   | 2 |  2.8
Dodging        | |  2.0
Stealth        | |  2.6
Spellcasting   | |  2.0
Fire Magic     | |  3.0

Action                   || total
-------------------------++-------
Melee: Short sword       ||     7
       Constrict         ||     3
       Tentacles         ||     2
 Cast: Foxfire           ||    34
  Use: Potion            ||     1
Armor: Skin              ||     1
Dodge: Dodged            ||     9
